 Dungeon Crawl Stone Soup version 0.29-a0-322-g68df515428 (webtiles) character file.

Game seed: 15031519403094466304

51 GigaChad the Skirmisher (level 3, -2/33 HPs)
             Began as a Draconian Chaos Knight on Apr 7, 2022.
             Was a Plaything of Xom.
             Slain by a gnoll
             ... wielding a +0 spear
              (5 damage)
             ... on level 2 of the Dungeon.
             The game lasted 00:03:49 (940 turns).

GigaChad the Skirmisher (Draconian Chaos Knight)     Turns: 940, Time: 00:03:51

Health: -2/33      AC:  5    Str: 14    XL:     3   Next: 58%
Magic:  3/3        EV: 16    Int: 12    God:    Xom [..*...]
Gold:   123        SH:  0    Dex: 12    Spells: 2/2 levels left

rFire   . . .      SeeInvis .   a - +0 falchion (chaos)
rCold   . . .      Faith    .   (no shield)
rNeg    . . .      Spirit   .   (body armour unavailable)
rPois   .          Reflect  .   (helmet restricted)
rElec   .          Harm     .   (no cloak)
rCorr   .          Rampage  .   (no gloves)
Will    +....                   (no boots)
Stlth   +.........              (no amulet)
HPRegen 0.11/turn               d - +4 ring of evasion
MPRegen 0.08/turn               f - ring of willpower

@: no status effects
A: AC +5, unfitting armour, cold-blooded
a: Renounce Religion


You were on level 2 of the Dungeon.
You worshipped Xom.
You were a toy of Xom.
You visited 1 branch of the dungeon, and saw 2 of its levels.

You collected 123 gold pieces.

Inventory:

Hand Weapons
 a - a +0 falchion of chaos (weapon)
 k - the +7 spear of Qipnov {elec, Str+2}
   (You found it on level 2 of the Dungeon)

   It occasionally discharges a powerful burst of electricity upon striking a
   foe.
   Str:       It affects your strength (+2).
Jewellery
 d - a +4 ring of evasion (left hand)
 f - a ring of willpower (right hand)
Scrolls
 g - a scroll of amnesia {unknown}
 i - a scroll of fog {unknown}
Potions
 c - a potion of attraction {unknown}
 e - 2 potions of degeneration {unknown}
 h - a potion of heal wounds {unknown}
 j - a potion of brilliance {unknown}
Miscellaneous
 b - a piece from Xom's chessboard (15/15) (quivered)


   Skills:
 + Level 4.0 Fighting
 + Level 3.7 Long Blades
 + Level 2.6 Dodging
 + Level 0.1 Stealth


You had 2 spell levels left.
You didn't know any spells.
Your spell library contained the following spells:

 Spells                   Type           Power      Damage    Failure   Level
 Scorch                   Fire           0%         2d5       45%         2
 Flame Wave               Conj/Fire      0%         2d4       97%         4
 Summon Cactus Giant      Summ           0%         N/A       100%        6


Dungeon Overview and Level Annotations

Branches:
Dungeon (2/15)

Altars:


Innate Abilities, Weirdness & Mutations

Your plain brown scales are hard. (AC +5)
You cannot fit into any form of body armour.
You are cold-blooded and may be slowed by cold attacks.


Message History

The gnoll misses you. x2; The gnoll barely misses you.
The gnoll hits you but does no damage.
You closely miss the gnoll.
Your tail-slap misses the gnoll.
The gnoll is severely wounded.
The gnoll closely misses you. The gnoll misses you.
You barely miss the gnoll.
The gnoll is severely wounded.
The gnoll closely misses you. x2
You slash the gnoll!
You kill the gnoll!
The gnoll closely misses you.
Your piece from Xom's chessboard (15/15) has regained one charge.
Your Fighting skill increases to level 4!
You hit the goblin.
You feel better.
The goblin is heavily wounded.
The goblin hits you with a +0 dagger. The gnoll barely misses you.
You barely miss the goblin.
The goblin is heavily wounded.
The goblin completely misses you. The gnoll barely misses you.
You closely miss the goblin.
The gnoll shouts!
Your tail-slap misses the goblin.
The goblin is heavily wounded.
The goblin closely misses you. The gnoll misses you.
You hit the goblin.
The goblin suddenly seems more agile.
Xom is mildly amused.
Your punch misses the goblin.
The goblin is severely wounded.
The goblin barely misses you. The gnoll misses you.
You hit the goblin. You burn the goblin.
You kill the goblin!
The gnoll barely misses you.
You barely miss the gnoll. The gnoll misses you.
The gnoll hits you from afar with a +0 spear.
* * * LOW HITPOINT WARNING * * *
The gnoll hits you with a +0 whip.
* * * LOW HITPOINT WARNING * * *
The gnoll hits you from afar with a +0 spear.
You die...
Xom howls with laughter!

###### ....g .g.r
######### .g.
#.......# g.
#.......# #.
#.......#
##.#####.......#
#...gg@........#
.........###.......#
######.#.###.......#
#>#....._.....#
#.####........# ..
#[.......# ..
#..##.#### ...
##.##.# ### #.##.#
..


You could see 2 gnolls.

Vanquished Creatures
  2 gnolls (D:2)
  2 dart slugs (D:1)
  3 ball pythons
  A bat (D:1)
  An endoplasm (D:2)
  3 goblins
  6 hobgoblins
  2 quokkas (D:1)
  6 rats
26 creatures vanquished.

Notes
Turn   | Place    | Note
-------+----------+-------------------------------------------
     0 | D:1      | GigaChad the Draconian Chaos Knight began the quest for the
                  | Orb.
     0 | D:1      | Reached XP level 1. HP: 19/19 MP: 1/1
   139 | D:1      | XOM: potion effect (curing)
   169 | D:1      | Reached XP level 2. HP: 18/26 MP: 2/2
   512 | D:1      | XOM: 7-stop teleportation journey
   739 | D:2      | XOM: divination: detect items
   797 | D:2      | XOM: silly message
   868 | D:2      | Reached XP level 3. HP: 26/33 MP: 3/3
   874 | D:2      | Found a faded altar of an unknown god.
   888 | D:2      | Identified the +7 spear of Qipnov {elec, Str+2}
   935 | D:2      | Reached skill level 4 in Fighting
   940 | D:2      | Slain by a gnoll

Illustrated notes

Levels and vault maps discovered:
D:1:      saegor_arrival_fortress, layout_basic
D:2:      layout_rooms, basic_ecumenical_altar

Skill      XL: |  1  2  3 |
---------------+----------+-----
Fighting       | 4 |  4.0
Long Blades    | |  3.7
Dodging        | |  2.6
Stealth        | |  0.1

Action                   || total
-------------------------++-------
Melee: Falchion          ||    79
       Tailslap          ||     7
Evoke: Piece from Xom's  ||     1
Armor: Skin              ||    21
Dodge: Dodged            ||    93

Table legend: (Time is in decaauts)
 A = Elapsed time spent in this place.
 B = Non-inter-level travel time spent in this place.
 C = Inter-level travel time spent in this place.
 D = Time resting spent in this place.
 E = Time spent auto-exploring this place.
 F = Levels seen in this place.
 G = Mean time per level.
                   A        B        C        D        E       F      G
               +--------+--------+--------+--------+--------+-----+--------+
         Total |    949 |    949 |      0 |      0 |    251 |   2 |  474.5 |
       Dungeon |    949 |    949 |      0 |      0 |    251 |   2 |  474.5 |
               +--------+--------+--------+--------+--------+-----+--------+

Top non-repeatable levels by time:
     D:1: 703 daAuts
     D:2: 245 daAuts
